 Dungeon Crawl Stone Soup version 0.29.1-4-g47bece8355 (webtiles) character file.

Game seed: 16848294796246020097

13 NateTheGreat9901 the Caller (level 2, -3/19 HPs)
             Began as a Merfolk Summoner on Dec 3, 2022.
             Slain by a kobold
             ... wielding a +0 whip
              (5 damage)
             ... on level 1 of the Dungeon.
             The game lasted 00:03:43 (563 turns).

NateTheGreat9901 the Caller (Merfolk Summoner)       Turns: 563, Time: 00:03:43

Health: -3/19      AC:  3    Str:  8    XL:     2   Next: 37%
Magic:  5/5        EV: 12    Int: 14    God:
Gold:   4          SH:  0    Dex: 14    Spells: 4/5 levels left

rFire   . . .      SeeInvis .   d - +0 whip
rCold   . . .      Faith    .   (no shield)
rNeg    . . .      Spirit   .   a - +0 robe
rPois   .          Reflect  .   e - +0 helmet
rElec   .          Harm     .   (no cloak)
rCorr   .          Rampage  .   (no gloves)
Will    .....                   (no boots)
Stlth   ++........              (no amulet)
HPRegen 0.06/turn               (no ring)
MPRegen 0.09/turn               (no ring)

@: no status effects
A: (nimble swimmer 2), mertail
a: no special abilities


You were on level 1 of the Dungeon.
You visited 1 branch of the dungeon, and saw 1 of its levels.

You collected 4 gold pieces.

Inventory:

Hand Weapons
 d - a +0 whip (weapon)
Missiles
 f - 2 boomerangs of dispersal
 h - 6 atropa-tipped darts
Armour
 a - a +0 robe (worn)
 e - a +0 helmet (worn)
Potions
 b - a potion of magic
 c - 2 potions of attraction {unknown}
 g - a potion of curing {unknown}


   Skills:
 - Level 2.6 Dodging
 - Level 2.1 Stealth
 + Level 2.4 Spellcasting
 + Level 4.3 Summonings


You had 4 spell levels left.
You knew the following spells:

 Your Spells              Type           Power      Damage    Failure   Level
a - Summon Small Mammal   Summ           52%        N/A       4%          1

Your spell library contained the following spells:

 Spells                   Type           Power      Damage    Failure   Level
 Call Imp                 Summ           13%        N/A       6%          2
 Call Canine Familiar     Summ           13%        N/A       12%         3
 Summon Guardian Golem    Hex/Summ       7%         N/A       28%         3
 Summon Lightning Spire   Summ/Air       7%         N/A       67%         4


Dungeon Overview and Level Annotations

Branches:
Dungeon (1/15)

Altars:


Innate Abilities, Weirdness & Mutations

((You are very nimble when in or above water. (Stealth+, EV+, Speed+++)))
Your lower body shifts to a powerful aquatic tail in water.


Message History

The quokka is severely wounded.
The quokka barely misses you. x2
You hit the quokka but do no damage.
The quokka is severely wounded.
The quokka barely misses you.
You hit the quokka.
You kill the quokka!
You see here a quokka corpse.
You see here 6 stones.
You open the door.
Found 2 stones.
A rat comes into view.
There is an open door here.
Found a stone.
You see here 2 stones.
You hit the rat.
You kill the rat!
You see here a rat corpse.
As you open the door, it creaks loudly!
There is an open door here.
A kobold and a jackal come into view.
The kobold shouts!
The kobold moves out of view.
A frilled lizard comes into view.
The jackal barks!
The frilled lizard hisses angrily.
You closely miss the kobold. The kobold closely misses you.
The jackal closely misses you. The kobold hits you with a +0 whip.
You hit the jackal but do no damage.
The jackal bites you but does no damage.
The kobold hits you with a +0 whip.
* * * LOW HITPOINT WARNING * * *
The jackal barely misses you.
You closely miss the jackal.
The jackal bites you but does no damage.
The kobold hits you with a +0 whip.
* * * LOW HITPOINT WARNING * * *
You hit the jackal.
You kill the jackal!
The kobold hits you with a +0 whip.
You die...

.....#...##
.#.####'## . ...
#.# #. .# #.# ..
##.## #.
##...###### ..
#..........
#.#.#.###....####.
.....l.@##.#.##...
#.#.#.#K........#
# ######......
######


You could see a kobold and a frilled lizard.

Vanquished Creatures
  A jackal (D:1)
  A quokka (D:1)
  A ball python (D:1)
  A bat (D:1)
  A kobold (D:1)
  A rat (D:1)
6 creatures vanquished.

Vanquished Creatures (collateral kills)
  A dart slug (D:1)
  A ball python (D:1)
  A goblin (D:1)
  A kobold (D:1)
  A quokka (D:1)
  A rat (D:1)
6 creatures vanquished.

Vanquished Creatures (others)
  2 toadstools (D:1)
2 creatures vanquished.

Grand Total: 14 creatures vanquished

Notes
Turn   | Place    | Note
-------+----------+-------------------------------------------
     0 | D:1      | NateTheGreat9901 the Merfolk Summoner began the quest for
                  | the Orb.
     0 | D:1      | Reached XP level 1. HP: 13/13 MP: 3/3
   346 | D:1      | Reached XP level 2. HP: 19/19 MP: 3/5
   563 | D:1      | Slain by a kobold

Illustrated notes

Levels and vault maps discovered:
D:1:      wander_arrival_desolate, layout_loops_corners, st_stairs_9,
          minmay_gold_behind_fungi

Action                   || total
-------------------------++-------
Melee: Whip              ||    31
       Punch             ||     1
 Cast: Summon Small Mamm ||    13
Armor: Robe              ||    29
Dodge: Dodged            ||    39
